 Dungeon Crawl Stone Soup version 0.27-a0-538-g15ff5c5295 (webtiles) character file.

Game seed: 14038389681389745135

468 HoaS the Ruffian (level 6, -2/51 HPs)
             Began as a Demigod Gladiator on Mar 6, 2021.
             Slain by Eustachio
             ... wielding a +0 falchion
              (5 damage)
             ... on level 4 of the Dungeon.
             The game lasted 00:08:15 (4384 turns).

HoaS the Ruffian (Demigod Gladiator)                Turns: 4384, Time: 00:08:15

Health: -2/51      AC: 10    Str: 23      XL:     6   Next: 51%
Magic:  8/8        EV:  8    Int: 10      God:
Gold:   242        SH:  0    Dex: 11 (15) Spells: 5/5 levels left

rFire    . . .     SeeInvis .     - Unarmed
rCold    . . .     Faith    .   (no shield)
rNeg     . . .     Spirit   .   e - +0 chain mail
rPois    .         Reflect  .   b - +1 helmet
rElec    .         Harm     .   (no cloak)
rCorr    .         Rampage  .   (no gloves)
Will     .....                  (no boots)
Stlth    ..........             (no amulet)
HPRegen  0.17/turn              (no ring)
MPRegen  0.11/turn              (no ring)

@: no status effects
A: high mp 1, forlorn
a: no special abilities


You were on level 4 of the Dungeon.
You visited 1 branch of the dungeon, and saw 4 of its levels.

You collected 242 gold pieces.

Inventory:

Missiles
 a - 2 silver boomerangs
 c - a throwing net (quivered)
 i - 5 boomerangs
Armour
 b - a +1 helmet (worn)
 e - a +0 chain mail (worn)
Potions
 f - a potion of curing {unknown}
 h - 2 potions of lignification {unknown}


   Skills:
 - Level 3.0 Fighting
 - Level 1.7 Throwing
 + Level 2.3 Armour
 - Level 3.0 Dodging
 - Level 6.0 Unarmed Combat


You had 5 spell levels left.
You didn't know any spells.
Your spell library contained the following spells:

 Spells                   Type           Power      Damage    Failure   Level
 Summon Small Mammal      Summ           0%         N/A       97%         1
 Call Imp                 Summ           0%         N/A       99%         2
 Call Canine Familiar     Summ           0%         N/A       100%        3
 Summon Guardian Golem    Hex/Summ       0%         N/A       100%        3
 Summon Ice Beast         Ice/Summ       0%         N/A       100%        4
 Summon Lightning Spire   Summ/Air       0%         N/A       100%        4


Dungeon Overview and Level Annotations

Branches:
Dungeon (4/15)
 Temple: D:4-7

Annotations:
D:4 Eustachio


Innate Abilities, Weirdness & Mutations

Your attributes grow dramatically as you level up.
You have an increased reservoir of magic. (+10% MP)
You shall have no god before yourself.


Message History

The quasit claws you but does no damage. x2
Eustachio hits you but does no damage. The river rat misses you.
The rat bites you but does no damage.
The quasit bites you but does no damage.
The quasit claws you.
The quasit claws you but does no damage.
You hit Eustachio.
Eustachio is heavily wounded.
The quasit disappears in a puff of smoke!
The quasit bites you but does no damage.
The quasit closely misses you.
The quasit claws you but does no damage.
The crimson imp blinks!
The river rat bites you. Eustachio barely misses you.
The rat bites you but does no damage.
You closely miss Eustachio.
Eustachio is heavily wounded.
The quasit bites you but does no damage.
The quasit claws you but does no damage. x2
The quokka bites you but does no damage.
The river rat bites you.
* * * LOW HITPOINT WARNING * * *
You barely miss Eustachio.
Eustachio is heavily wounded.
The quasit disappears in a puff of smoke!
Eustachio hits you but does no damage. The rat bites you but does no damage.
The quokka bites you.
* * * LOW HITPOINT WARNING * * *
The river rat bites you!
* * * LOW HITPOINT WARNING * * *
You hit Eustachio.
Eustachio is heavily wounded.
The rat bites you but does no damage. Eustachio closely misses you.
The quokka bites you.
* * * LOW HITPOINT WARNING * * *
You hit Eustachio.
Eustachio is severely wounded.
The river rat bites you but does no damage.
The rat twitches its whiskers.
The rat closely misses you. Eustachio hits you with a +0 falchion.
You die...

#.......#......#.####### #.
#.#####................. #.
#.# #######....#### #.# #. #.#
#....# #.# ##. #.# #....####
#.####.. #.#
#††<....###.#..... #.#
#5.>##........####
#.###########@r.##..##....##.#
#.(.....>...#@..##..#.....#.#.
#.#####.#.#.#rr............# #
##.####.###...b<.....#.....##
# #......## ##...........#..##
##)####.###.####....##...#.#
### ##.#.## ############.#
##.## #.# ### #.# ##


You could see Eustachio, a crimson imp (summoned), a river rat (summoned), a
quokka (summoned), a bat (summoned) and a rat (summoned).

Vanquished Creatures
  Menkaure (D:4)
  3 orc priests
  Natasha (twice) (D:3)
  Terence (D:2)
  An orc wizard (D:3)
  5 adders
  2 oozes
  An adder skeleton (D:3)
  An adder zombie (D:2)
  2 worms (D:3)
  2 dart slugs
  A leopard gecko (D:3)
  12 orcs
  5 giant cockroaches
  5 goblins
  8 hobgoblins
  14 jackals
  2 quokkas
  8 bats
  3 frilled lizards
  9 kobolds
  6 rats (D:1)
94 creatures vanquished.

Notes
Turn   | Place    | Note
-------+----------+-------------------------------------------
     0 | D:1      | HoaS the Demigod Gladiator began the quest for the Orb.
     0 | D:1      | Reached XP level 1. HP: 17/17 MP: 3/3
   157 | D:1      | Reached skill level 3 in Unarmed Combat
   271 | D:1      | Reached XP level 2. HP: 24/24 MP: 4/4
   658 | D:1      | Reached XP level 3. HP: 29/29 MP: 5/5
   717 | D:1      | Reached skill level 4 in Unarmed Combat
  1381 | D:2      | Noticed Terence
  1400 | D:2      | Killed Terence
  1581 | D:2      | Reached XP level 4. HP: 36/36 MP: 6/6
  1909 | D:2      | Reached skill level 5 in Unarmed Combat
  2598 | D:3      | Reached XP level 5. HP: 24/41 MP: 7/7
  3178 | D:2      | Reached skill level 6 in Unarmed Combat
  3575 | D:3      | Noticed Natasha
  3584 | D:3      | Killed Natasha
  3585 | D:3      | Reached skill level 1 in Armour
  3638 | D:3      | Noticed Natasha
  3649 | D:3      | Killed Natasha
  3650 | D:3      | Reached XP level 6. HP: 39/48 MP: 8/8
  4291 | D:4      | Noticed Menkaure
  4311 | D:4      | Killed Menkaure
  4329 | D:4      | Noticed Eustachio
  4384 | D:4      | Slain by Eustachio

Illustrated notes

Levels and vault maps discovered:
D:1:      dpeg_arrival_three_same_balls, layout_loops_ring
D:2:      layout_loops_ring, nzn_hepliaklqana_mist_gate,
          chequers_ecumenical_altar_simple, minmay_bisected, uniq_terence
D:3:      layout_basic, lemuel_round_altar, nicolae_ashenzari_panopticon,
          uniq_natasha
D:4:      layout_loops_ring, serial_shops, shop, nicolae_tso_swordbearing_angel,
          uniq_eustachio, uniq_menkaure

Skill      XL: |  1  2  3  4  5  6 |
---------------+-------------------+-----
Unarmed Combat | 3 4 5 6 |  6.0
Fighting       | 2 3 |  3.0
Armour         | 1 2 |  2.3
Dodging        | 3 |  3.0
Throwing       | |  1.7

Action                   |  1- 3 |  4- 6 || total
-------------------------+-------+-------++-------
Melee: Unarmed           |   147 |   222 ||   369
       Punch             |     2 |     4 ||     6
Throw: Throwing net      |     2 |     1 ||     3
       Boomerang         |       |     5 ||     5
  Use: Scroll            |     1 |     5 ||     6
 Stab: Held in net/web   |     1 |     2 ||     3
Armor: Ring mail         |    44 |       ||    44
       Scale mail        |     2 |    30 ||    32
       Chain mail        |       |   130 ||   130
Dodge: Dodged            |    95 |   145 ||   240

Table legend: (Time is in decaauts)
 A = Elapsed time spent in this place.
 B = Non-inter-level travel time spent in this place.
 C = Inter-level travel time spent in this place.
 D = Time resting spent in this place.
 E = Time spent auto-exploring this place.
 F = Levels seen in this place.
 G = Mean time per level.
                   A        B        C        D        E       F      G
               +--------+--------+--------+--------+--------+-----+--------+
         Total |   4365 |   4196 |    169 |   1369 |   2068 |   4 | 1091.2 |
       Dungeon |   4365 |   4196 |    169 |   1369 |   2068 |   4 | 1091.2 |
               +--------+--------+--------+--------+--------+-----+--------+

Top non-repeatable levels by time:
     D:2: 1721 daAuts
     D:3: 1424 daAuts
     D:1: 1064 daAuts
     D:4: 154 daAuts
